Map: Mech Depot LE

Players

Serral

  • Race: Zerg Zerg
  • Spawn Location: 1:00

Elazer - Winner!

  • Race: Zerg Zerg
  • Spawn Location: 7:00

Event: WCS Montreal 2017

VOD

Have the link to the VOD?

Description

Time

  • Played on: Sept. 9, 2017, 6:47 p.m.
  • Length: 13:46

All games in this series

Show
View Real Time Build Order
Export as new Build Order

Serral Zerg 

Build Orders: Hatch First 

Get SALT Encoding   

  12  0:00  Drone  
  13  0:12  Overlord  
  13  0:16  Drone  
  14  0:31  Drone x2  
  14  0:34  Drone  
  17  0:51  Hatchery  
  17  0:54  Drone  
  17  0:57  Drone  
  18  1:08  Extractor  
  17  1:12  Spawning Pool  
  17  1:15  Drone  
  17  1:19  Drone  
  18  1:28  Drone  
  19  1:38  Overlord  
  19  1:50  Drone  
  20  1:59  Queen  
  20  2:00  Zergling x2  
  23  2:03  Zergling x2  
  23  2:04  Queen  
  23  2:07  Metabolic Boost  
  26  2:11  Drone  
  26  2:15  Drone  
  28  2:24  Drone  
  28  2:27  Drone  
  28  2:29  Baneling Nest  
  29  2:33  Drone  
  29  2:36  Drone  
  31  2:44  Zergling x2  
  31  2:49  Hatchery  
  31  2:52  Drone  
  31  2:57  Drone x2  
  33  3:06  Overlord  
  33  3:09  Drone  
  33  3:11  Evolution Chamber  
  34  3:16  Drone  
  34  3:18  Overlord  
  35  3:24  Drone x2  
  35  3:25  Drone x2  
  39  3:27  Drone  
  39  3:30  Drone  
  39  3:33  Drone  
  42  3:36  Zerg Missile Weapons Level 1  
  42  3:43  Zergling x4  
  42  3:44  Queen  
  42  3:47  Overlord, Extractor  
  45  3:49  Drone x2  
  45  3:50  Drone  
  45  3:52  Drone  
  45  3:55  Drone x2  
  51  4:02  Drone x2  
  53  4:07  Roach Warren  
  52  4:11  Spine Crawler  
  52  4:13  Zergling x4  
  52  4:16  Overlord  
  53  4:17  Drone  
  53  4:18  Drone  
  53  4:20  Drone  
  56  4:25  Drone x2  
  56  4:28  Overlord  
  58  4:38  Lair  
  57  4:47  Roach x4  
  57  4:48  Roach x4  
  57  4:51  Roach  
  57  4:52  Roach  
  77  4:55  Roach  
  77  4:56  Roach  
  81  5:02  Overlord  
  81  5:05  Overlord  
  81  5:11  Overlord  
  81  5:20  Overlord x2  
  81  5:22  Roach x2  
  81  5:23  Drone  
  81  5:24  Drone x4  
  81  5:26  Extractor, Drone x2  
  81  5:27  Extractor, Drone  
  91  5:33  Roach x2  
  91  5:34  Roach  
  97  5:36  Drone  
  97  5:41  Overlord  
  97  5:43  Zerg Missile Weapons Level 2  
  94  5:54  Roach  
  94  5:55  Roach x2  
  99  6:00  Overseer  
  99  6:06  Overlord  
  99  6:07  Roach x3  
  105  6:14  Roach x3  
  111  6:21  Overlord  
  111  6:22  Overlord x2  
  111  6:23  Glial Reconstitution  
  111  6:31  Roach  
  111  6:32  Roach x3  
  119  6:35  Drone x2  
  119  6:36  Extractor, Drone  
  119  6:37  Overlord  
  119  6:38  Overlord x2  
  119  6:39  Roach x2  
  125  6:44  Overlord  
  125  6:46  Roach x3  
  131  6:51  Roach  
  131  6:54  Overseer  
  133  7:01  Roach x4  
  141  7:05  Roach x2  
  141  7:06  Roach  
  135  7:18  Roach  
  135  7:19  Roach x4  
  111  7:30  Roach x4  
  111  7:36  Roach x2  
  111  7:37  Roach x2  
  87  7:46  Roach x4  
  80  7:59  Roach x2  
  80  8:00  Roach  
  82  8:07  Roach x3  
  82  8:11  Queen x2  
  90  8:18  Roach x3  
  96  8:27  Roach x2  
  96  8:28  Roach x3  
  96  8:29  Ravager x2  
  96  8:30  Ravager  
  109  8:36  Roach  
  109  8:39  Ravager  
  112  8:42  Roach  
  112  8:43  Roach  
  116  8:50  Roach x6  
  126  9:00  Overlord  
  126  9:02  Ravager  
  125  9:03  Roach x2  
  127  9:21  Roach  
  127  9:22  Roach x7  
  139  9:41  Ravager x2  
  137  9:56  Drone  
  137  9:57  Drone x9  
  137  9:59  Roach x8  
  159  10:00  Overseer  
  159  10:09  Spire  
  159  10:11  Extractor  
  157  10:14  Roach x2  
  161  10:23  Ravager  
  161  10:25  Overlord  
  161  10:26  Roach  
  161  10:27  Roach x3  
  170  10:49  Infestation Pit  
  169  10:53  Overlord  
  168  10:59  Drone x2  
  168  11:00  Roach x4  
  168  11:02  Drone  
  179  11:05  Roach x2  
  179  11:06  Roach x2  
  179  11:09  Hatchery  
  186  11:19  Pneumatized Carapace  
  186  11:20  Overseer  
  185  11:28  Overseer  
  185  11:30  Drone  
  185  11:31  Drone x2  
  187  11:37  Roach x5  
  187  11:38  Roach  
  197  11:44  Overlord  
  197  11:45  Overlord  
  197  11:46  Zerg Ground Armor Level 1  
  197  11:48  Overlord  
  197  12:01  Overlord  
  197  12:03  Spore Crawler  
  197  12:04  Spore Crawler x3  
  197  12:05  Infestor x3  
  203  12:15  Tunneling Claws  
  203  12:17  Burrow  
  203  12:25  Overlord  
  203  12:33  Overlord  
  193  12:45  Queen  
  193  12:46  Drone x2  
  193  12:47  Drone x3  
  200  12:54  Overseer  
  196  12:58  Spine Crawler  
  196  13:00  Overseer  
Show
View Real Time Build Order
Export as new Build Order

Elazer Zerg - Winner!

Build Orders: Hatch First 

Get SALT Encoding   

  12  0:00  Drone  
  13  0:12  Overlord  
  13  0:17  Drone  
  14  0:30  Drone x2  
  14  0:34  Drone  
  17  0:51  Hatchery  
  17  0:54  Drone  
  17  0:57  Drone  
  18  1:07  Extractor  
  17  1:12  Spawning Pool  
  17  1:15  Drone  
  17  1:18  Drone  
  18  1:27  Drone  
  19  1:39  Overlord  
  19  1:49  Drone  
  20  1:58  Queen  
  20  2:00  Zergling x2  
  23  2:03  Queen, Zergling x2  
  26  2:10  Drone  
  26  2:15  Drone  
  28  2:21  Drone  
  29  2:26  Drone, Evolution Chamber  
  29  2:32  Drone  
  29  2:35  Lair  
  29  2:36  Drone  
  31  2:43  Drone  
  32  2:48  Drone  
  33  2:51  Zerg Missile Weapons Level 1  
  33  2:52  Roach Warren  
  33  2:54  Drone  
  33  2:59  Overlord  
  33  3:05  Drone  
  34  3:06  Extractor  
  34  3:07  Extractor, Drone  
  34  3:10  Drone x2  
  34  3:12  Drone  
  36  3:23  Drone x4  
  36  3:25  Drone  
  41  3:32  Evolution Chamber  
  41  3:33  Glial Reconstitution  
  39  3:38  Drone  
  40  3:42  Roach  
  40  3:44  Overlord  
  42  3:50  Evolution Chamber  
  42  3:57  Overlord  
  42  3:59  Overlord  
  42  4:02  Roach x2  
  46  4:05  Roach x2  
  51  4:10  Overlord  
  51  4:15  Roach  
  51  4:16  Roach  
  55  4:18  Roach  
  55  4:20  Roach  
  59  4:26  Roach x2  
  59  4:28  Roach  
  59  4:31  Roach  
  67  4:34  Roach  
  69  4:40  Drone x3  
  69  4:41  Drone  
  69  4:43  Drone  
  74  4:48  Zerg Missile Weapons Level 2  
  74  4:53  Drone  
  74  4:54  Evolution Chamber  
  74  4:56  Drone  
  74  4:59  Overlord  
  75  5:14  Roach  
  75  5:20  Zerg Ground Armor Level 1  
  75  5:21  Overlord  
  75  5:24  Roach  
  75  5:26  Roach  
  75  5:27  Roach x2  
  83  5:29  Overlord  
  82  5:46  Roach x4, Hatchery  
  87  5:51  Roach  
  87  5:52  Roach  
  91  6:00  Overlord  
  91  6:01  Ravager  
  91  6:02  Ravager x2  
  91  6:04  Ravager, Overlord  
  95  6:06  Roach x2  
  99  6:15  Overlord  
  99  6:22  Roach  
  99  6:23  Roach x3  
  107  6:27  Roach x2  
  107  6:30  Roach  
  113  6:33  Roach  
  113  6:38  Roach  
  113  6:39  Roach  
  119  6:43  Roach  
  119  6:44  Roach  
  123  6:48  Overlord  
  123  6:55  Spore Crawler  
  123  6:57  Overlord  
  123  6:58  Ravager, Spore Crawler  
  124  7:01  Ravager  
  124  7:02  Drone x3  
  124  7:05  Drone  
  124  7:07  Drone  
  124  7:08  Drone x2  
  119  7:21  Roach x5  
  103  7:35  Roach  
  103  7:36  Roach x5  
  107  7:42  Roach  
  107  7:43  Roach  
  103  7:45  Queen  
  98  7:51  Roach x2  
  98  7:52  Roach  
  95  8:02  Roach x3  
  95  8:08  Roach x3  
  101  8:14  Drone x3  
  101  8:19  Drone x5  
  109  8:20  Drone  
  109  8:21  Drone  
  109  8:26  Tunneling Claws  
  111  8:27  Drone  
  111  8:29  Extractor  
  111  8:31  Overlord  
  111  8:32  Drone  
  112  8:37  Extractor  
  112  8:39  Burrow  
  112  8:40  Drone  
  112  8:43  Overlord  
  112  8:48  Roach x3  
  116  8:59  Roach  
  116  9:00  Roach x3  
  122  9:03  Drone x2  
  122  9:07  Extractor  
  122  9:09  Drone x3  
  123  9:13  Roach  
  123  9:14  Roach x3  
  128  9:18  Roach x3  
  128  9:21  Roach  
  134  9:24  Ravager  
  134  9:29  Ravager  
  136  9:32  Overlord  
  136  9:33  Roach  
  138  9:40  Overlord x2  
  134  9:55  Drone x2  
  134  9:57  Drone x2  
  137  10:01  Roach x6  
  137  10:03  Roach  
  149  10:07  Infestation Pit  
  149  10:08  Extractor, Drone x2, Hatchery  
  149  10:13  Drone  
  149  10:14  Drone x2  
  151  10:17  Overseer  
  151  10:20  Zerg Ground Armor Level 2  
  151  10:32  Overlord  
  151  10:33  Roach  
  151  10:34  Overseer  
  151  10:35  Roach  
  153  10:38  Roach  
  149  10:44  Infestor x2  
  151  10:54  Drone  
  151  10:55  Hydralisk Den  
  151  11:00  Roach  
  151  11:03  Infestor  
  151  11:05  Drone x2  
  151  11:06  Drone x3  
  151  11:07  Drone x2  
  158  11:17  Roach x5, Overlord x5  
  156  11:26  Roach x4, Hydralisk  
  156  11:27  Muscular Augments, Hydralisk x5  
  168  11:33  Overlord x2  
  166  11:42  Roach x3  
  166  11:43  Hydralisk x5  
  172  11:50  Spore Crawler, Spine Crawler  
  170  12:02  Hydralisk x2  
  170  12:03  Hydralisk x3  
  182  12:08  Roach  
  182  12:09  Roach x2  
  182  12:10  Ravager x2, Roach, Extractor x2  
  186  12:16  Roach x21, Hydralisk  
  192  12:25  Roach x18  
  192  12:26  Roach x4  
  199  12:33  Drone x9  
  199  12:34  Drone  
  195  12:49  Roach x2  
  199  12:54  Spine Crawler x2  
  199  12:55  Roach x18  
  197  13:04  Ravager x3  
  200  13:15  Roach x12  
Tags
 
Add a new tag
Caveats
  • Supply blocks, unpowered buildings, or Contaminate may cause inaccurate times.
  • Supply counts are checked every 10 seconds.